 Dungeon Crawl Stone Soup version 0.30-a0-862-g1aabd4f9c5 (webtiles) character file.

Game seed: 389962597089111005

22949 Newt the Unseen (level 12, -2/94 HPs)
             Began as a Spriggan Brigand on Mar 7, 2023.
             Was the Champion of Okawaru.
             Slain by an orc warrior
             ... wielding a +1 trident of venom
              (14 damage)
             ... on level 1 of the Orcish Mines on Mar 8, 2023.
             The game lasted 00:23:00 (15024 turns).

Newt the Unseen (Spriggan Brigand)                 Turns: 15024, Time: 00:23:00

Health: -2/94      AC:  8    Str:  7    XL:     12   Next: 67%
Magic:  7/13       EV: 42    Int: 14    God:    Okawaru [******]
Gold:   1074       SH:  0    Dex: 32    Spells: 11/11 levels left

rFire   x . .      SeeInvis +    b - +7 quick blade of Koqiluzu {vamp, *Noise rElec Will+ Dex+7}
rCold   + . .      Faith    .    (no shield)
rNeg    . . .      Spirit   .    O - +1 troll leather armour
rPois   .          Reflect  .    W - +1 hat of the Vestibule of Hell {rF- Will+++ Dex+5}
rElec   +          Rampage  .    H - scarf {shadows}
rCorr   .                        (gloves unavailable)
Will    +++++                    (boots unavailable) Stlth
                                 N - amulet of regeneration
HPRegen 1.95/turn                j - +5 ring of evasion
MPRegen 0.13/turn                k - ring of protection from cold

@: berserking, lethally poisoned (-2 -> -2), heroic, very quick
A: very small, no large weapons, unfitting armour, see invisible, speed 3, noise
suppression
a: Renounce Religion, Heroism, Finesse, Duel


You were on level 1 of the Orcish Mines.
You worshipped Okawaru.
Okawaru was exalted by your worship.
You visited 3 branches of the dungeon, and saw 15 of its levels.
You also visited: Sewer.

You collected 1074 gold pieces.

Inventory:

Hand Weapons
 a - a +2 heavy dagger
 b - the +7 quick blade of Koqiluzu (weapon) {vamp, *Noise rElec Will+ Dex+7}
   (You acquired it on level 11 of the Dungeon)

   Dex:       It affects your dexterity (+7).
   rElec:     It insulates you from electricity.
   *Noise:    It may make noises in combat.
   Will:      It increases your willpower.
 y - a +4 dagger of protection
Missiles
 d - 53 poisoned darts (quivered)
 e - 6 curare-tipped darts
 A - 29 boomerangs
 C - 2 throwing nets
 R - 4 atropa-tipped darts
 S - 2 silver boomerangs
Armour
 m - the +0 ice dragon scales "Miorau" {rF- rC++ Str+4}
   (You found it on level 5 of the Dungeon)

   Str:       It affects your strength (+4).
   rF:        It makes you vulnerable to fire.
   rC:        It greatly protects you from cold.
 H - a scarf of shadows (worn)
 O - a +1 troll leather armour (worn)
 W - the +1 hat of the Vestibule of Hell (worn) {rF- Will+++ Dex+5}
   (Okawaru gifted it to you on level 13 of the Dungeon)

   Dex:       It affects your dexterity (+5).
   rF:        It makes you vulnerable to fire.
   Will:      It greatly increases your willpower.
Jewellery
 c - a ring of ice
 i - an amulet of guardian spirit
 j - a +5 ring of evasion (left hand)
 k - a ring of protection from cold (right hand)
 u - a ring of positive energy
 w - a ring of wizardry
 N - an amulet of regeneration (around neck)
 P - a ring of poison resistance
 Q - an amulet of reflection
 X - a ring of resist corrosion
Wands
 p - a wand of flame (39)
 x - a wand of polymorph (31)
 V - a wand of roots (6)
 Y - a wand of paralysis (4)
Scrolls
 g - a scroll of blinking
 t - 4 scrolls of noise
 v - 4 scrolls of teleportation
 z - a scroll of brand weapon
 B - 2 scrolls of poison
 F - 2 scrolls of amnesia
 G - a scroll of fear
 I - 5 scrolls of fog
 L - 2 scrolls of silence
 U - a scroll of magic mapping
Potions
 f - 2 potions of brilliance
 h - 3 potions of cancellation
 l - 6 potions of degeneration
 n - 4 potions of curing {unknown}
 o - 2 potions of ambrosia
 q - 2 potions of resistance {unknown}
 r - 3 potions of mutation
 s - 5 potions of might
 D - 2 potions of heal wounds
 E - 5 potions of flight
 J - a potion of invisibility
 Z - a potion of attraction
Miscellaneous
 T - a phial of floods


   Skills:
 - Level 7.0(12.0) Fighting
 + Level 9.5(14.5) Short Blades
 - Level 6.0(11.0) Throwing
 - Level 7.5(12.5) Armour
 - Level 10.0(15.0) Dodging
 - Level 19.0(24.0) Stealth


You had 11 spell levels left.
You didn't know any spells.
Your spell library contained the following spells:

 Spells                   Type           Power      Damage    Failure   Level
 Magic Dart               Conj           0%         1d3       36%         1
 Sandblast                Erth           0%         2d4       36%         1
 Blink                    Tloc           0%         N/A       50%         2
 Passwall                 Tmut/Erth      0%         N/A       50%         2
 Searing Ray              Conj           0%         2d4       50%         2
 Dazzling Flash           Conj/Hex       0%         N/A       75%         3
 Frozen Ramparts          Ice            0%         1d1       75%         3
 Ignite Poison            Fire/Tmut/Pois 0%         N/A       75%         3
 Inner Flame              Hex/Fire       0%         N/A       75%         3
 Ozocubu's Armour         Ice            0%         N/A       75%         3
 Portal Projectile        Hex/Tloc       0%         N/A       75%         3
 Stone Arrow              Conj/Erth      0%         3d7       75%         3
 Flame Wave               Conj/Fire      0%         2d4       98%         4
 Fulminant Prism          Conj/Hex       0%         3d5       98%         4
 Ice Form                 Ice/Tmut       0%         N/A       98%         4
 Iskenderun's Mystic Bla  Conj/Tloc      0%         2d3       98%         4
 Leda's Liquefaction      Hex/Erth       0%         N/A       98%         4
 Manifold Assault         Tloc           0%         N/A       98%         4
 Petrify                  Tmut/Erth      0%         N/A       98%         4
 Sticky Flame             Conj/Fire      0%         2d3       98%         4
 Blade Hands              Tmut           0%         N/A       100%        5
 Iskenderun's Battlesphe  Conj           0%         2d6       100%        5
 Metabolic Englaciation   Hex/Ice        0%         N/A       100%        5
 Iron Shot                Conj/Erth      0%         9d1       100%        6
 Starburst                Conj/Fire      0%         6d3       100%        6
 Statue Form              Tmut/Erth      0%         N/A       100%        6
 Storm Form               Tmut/Air       0%         N/A       100%        7
 Lehudib's Crystal Spear  Conj/Erth      0%         10d2      100%        8
 Call Canine Familiar     Summ           Unusable   N/A       N/A         3
 Tukima's Dance           Hex            Unusable   N/A       N/A         3
 Summon Ice Beast         Ice/Summ       Unusable   N/A       N/A         4
 Simulacrum               Ice/Necr       Unusable   N/A       N/A         6
 Spellforged Servitor     Conj/Summ      Unusable   N/A       N/A         7

Dungeon Overview and Level Annotations

Branches:
Dungeon (13/15)            Temple (1/1) D:4            Lair (0/5) D:8
    Orc (1/2) D:9           Sewer (visited)
 Vaults: D:13-14

Altars:
Ashenzari
Cheibriados
Dithmenos
Elyvilon
Fedhas
Gozag
Hepliaklqana
Kikubaaqudgha
Okawaru
Qazlal
Ru
Sif Muna
Trog
Uskayaw
Vehumet
Wu Jian
Xom
Yredelemnul
Zin
The Shining One

Shops:
D:7 (   Orc:1 *

Portals:
Trove: D:12 (give 18 potions of curing)

Annotations:
Temple 2 transporters
Orc:1 Chaicat's ghost, journeyman MiBe


Innate Abilities, Weirdness & Mutations

You are very small and have problems with some larger weapons.
You are too small for most types of armour.
You have supernaturally acute eyesight. (SInv)
You cover ground extremely quickly. (Speed+++)
You passively dampen the noise of your surroundings.


Message History

* * * LOW HITPOINT WARNING * * *
The orc warrior completely misses you.
The orc warrior hits you from afar with a +1 trident of venom!
* * * LOW HITPOINT WARNING * * *
You puncture the orc warrior!
You kill the orc warrior!
Okawaru accepts your kill.
You feel sick. The orc warrior completely misses you.
Chaicat's ghost says, "My insurmountable tactics guarantee your defeat."
Chaicat's ghost closely misses you. The orc warrior completely misses you.
You hit the orc warrior.
You feel better.
The orc warrior is moderately wounded.
You hit the orc warrior but do no damage.
The orc warrior is moderately wounded.
You hit the orc warrior.
You feel better.
The orc warrior is heavily wounded.
You feel sick.
You closely miss the orc warrior.
The orc warrior is heavily wounded.
You puncture the orc warrior!
You feel better.
You kill the orc warrior!
Okawaru accepts your kill. Chaicat's ghost hits you.
* * * LOW HITPOINT WARNING * * *
The orc warrior misses you.
The orc warrior hits you from afar with a +0 trident.
* * * LOW HITPOINT WARNING * * *
You feel sick.
There is an open translucent gate, spattered with blood here.
Things that are here:
a +0 giant club; an ogre corpse You puncture the orc warrior!
The orc warrior is severely wounded.
You hit the orc warrior but do no damage.
The orc warrior is severely wounded.
You completely miss the orc warrior.
The orc warrior is severely wounded.
Chaicat's ghost misses you.
The orc warrior hits you with a +1 trident of venom!
You die...

..............
...............
..............
............
...........))#####
#............##.8.##
.....###.....#$$$$∩# #.
#.....#....$)W$.$.8#
...#............@o_8$∩#
#..#.......)....'o..$8#
#...............#$$.$.#
#...$#..))......##!8.##
#.#.#)..).....#######
#)..........##
##.......#.##
##.)^.....##
#.$......##


You could see 2 orc warriors and Chaicat's ghost.

Vanquished Creatures
  The ghost of Pimp the Protected, a novice AtFi of Okawaru (D:8)
  3 two-headed ogres
  A centaur warrior (D:12)
  A boulder beetle (D:12)
  An orc high priest (Orc:1)
  3 skeletal warriors (D:13)
  Pikel (D:7)
  A deep elf pyromancer (D:12)
  An orc sorcerer (Orc:1)
  4 cyclopes
  An unseen horror zombie (D:8)
  A komodo dragon (D:12)
  2 unseen horrors
  A rime drake (D:8)
  A polar bear (D:8)
  3 trolls
  3 meliai (D:13)
  8 slime creatures (D:12)
  A vampire (D:11)
  A shadow (D:11)
  A wraith (D:11)
  A yak (D:12)
  A wyvern (D:7)
  A basilisk (D:9)
  A steam dragon (D:7)
  3 vampire mosquitoes
  Menkaure (D:5)
  4 acid dragons
  Edmund (D:5)
  A water moccasin (D:6)
  8 ice beasts
  18 orc warriors
  A black bear (D:5)
  3 wolves (D:8)
  3 ogres
  7 centaurs
  2 lemures (D:7)
  5 phantoms
  6 kobold brigands
  4 bullfrogs
  A wyvern zombie (D:8)
  2 gnoll sergeants
  4 scorpions
  14 wights
  11 killer bees
  A howler monkey (D:11)
  A jelly (D:8)
  14 orc priests
  5 hounds
  2 gnoll boudas
  4 sleepcaps
  Ijyb (D:4)
  Terence (D:2)
  2 iguanas (D:5)
  13 orc wizards
  20 gnolls
  17 adders
  5 river rats (Sewer)
  A shadow imp (D:4)
  2 white imps
  An ufetubus (D:5)
  A worm (D:2)
  2 dart slugs
  75 orcs
  12 endoplasms
  7 giant cockroaches
  8 goblins
  7 hobgoblins
  A jackal (Sewer)
  30 kobolds
  6 quokkas
  3 training dummies (D:7)
  7 ball pythons
  10 bats
  5 frilled lizards
  4 rats
411 creatures vanquished.

Vanquished Creatures (others)
  2 orcs (Orc:1)
2 creatures vanquished.

Grand Total: 413 creatures vanquished

Notes
Turn   | Place    | Note
-------+----------+-------------------------------------------
     0 | D:1      | Newt the Spriggan Brigand began the quest for the Orb.
     0 | D:1      | Reached XP level 1. HP: 10/10 MP: 2/2
    16 | D:1      | Reached skill level 6 in Stealth
    46 | D:1      | Reached XP level 2. HP: 12/14 MP: 3/3
   177 | D:1      | Reached skill level 7 in Stealth
   590 | D:1      | Reached XP level 3. HP: 9/18 MP: 4/4
  1388 | D:2      | Found a sacrificial altar of Ru.
  1461 | D:2      | Noticed Terence
  1468 | D:2      | Killed Terence
  1469 | D:2      | Reached XP level 4. HP: 23/23 MP: 5/5
  1937 | D:2      | Reached XP level 5. HP: 18/28 MP: 4/6
  2342 | D:4      | Noticed a phantom
  2376 | D:4      | Killed a phantom
  2468 | D:4      | Noticed Ijyb
  2474 | D:4      | Killed Ijyb
  2475 | D:4      | Reached XP level 6. HP: 33/33 MP: 7/7
  2688 | D:4      | You fall into a shaft and drop 3 floors!
  2893 | D:5      | Entered Level 5 of the Dungeon
  2916 | D:4      | Found a glowing drain.
  2953 | Sewer    | Entered a sewer
  3151 | Sewer    | Reached skill level 5 in Fighting
  3668 | D:4      | Reached XP level 7. HP: 32/39 MP: 6/8
  3787 | D:4      | Got the Treatise on Hyperthermia and Detritus
  3816 | D:4      | Identified the +7 plate armour of the Orcish Mines {rC+}
  3835 | D:4      | Found a staircase to the Ecumenical Temple.
  3873 | Temple   | Entered the Ecumenical Temple
  3937 | Temple   | Found a transporter.
  3937 | Temple   | Found a transporter.
  3939 | Temple   | Found a transporter.
  3939 | Temple   | Found a transporter.
  3957 | Temple   | Became a worshipper of Warmaster Okawaru
  4137 | D:5      | Noticed Menkaure
  4143 | D:5      | Killed Menkaure
  4155 | D:5      | Reached skill level 5 in Throwing
  4204 | D:5      | Reached * piety under Okawaru
  4526 | D:5      | Found an ancient bone altar of Kikubaaqudgha.
  4539 | D:5      | Gained mutation: You passively dampen the noise of your
                  | surroundings. [potion of mutation]
  4599 | D:5      | Reached XP level 8. HP: 43/43 MP: 9/9
  4820 | D:5      | Reached skill level 5 in Short Blades
  4898 | D:5      | Noticed Edmund
  4904 | D:5      | Killed Edmund
  5209 | D:5      | Reached ** piety under Okawaru
  5264 | D:5      | Reached skill level 5 in Dodging
  5531 | D:5      | Reached XP level 9. HP: 47/47 MP: 10/10
  5539 | D:5      | Identified the +0 ice dragon scales "Miorau" {rF- rC++
                  | Str+4}
  6232 | D:6      | Reached *** piety under Okawaru
  6421 | D:7      | Found an opulent altar of Gozag.
  7125 | D:7      | Noticed Pikel
  7176 | D:7      | Killed Pikel
  7254 | D:7      | Found Agap's Firing Range.
  7299 | D:7      | Reached skill level 1 in Armour
  7432 | D:7      | Reached **** piety under Okawaru
  7625 | D:8      | Reached XP level 10. HP: 29/55 MP: 7/11
  8183 | D:8      | Found a staircase to the Lair.
  8827 | D:8      | Reached ***** piety under Okawaru
  8922 | D:8      | Received a gift from Okawaru
  9050 | D:8      | Found a runed translucent gate.
  9050 | D:8      | Found a runed translucent gate.
  9050 | D:8      | Noticed Pimp's ghost (novice AtFi)
  9051 | D:8      | Found a runed translucent gate.
  9052 | D:8      | Found a basalt altar of Yredelemnul.
  9083 | D:8      | Reached skill level 10 in Dodging
  9108 | D:8      | Reached skill level 8 in Stealth
  9186 | D:8      | Killed Pimp's ghost
  9187 | D:8      | Reached skill level 10 in Stealth
  9565 | D:9      | Reached skill level 11 in Stealth
  9983 | D:9      | Reached XP level 11. HP: 55/58 MP: 12/12
 10127 | D:9      | Reached skill level 12 in Stealth
 10271 | D:9      | Found a staircase to the Orcish Mines.
 10527 | D:8      | Upgraded the game from 0.30-a0-860-g512cf1e979 to
                  | 0.30-a0-862-g1aabd4f9c5
 10566 | D:9      | Reached skill level 13 in Stealth
 10997 | D:10     | Entered Level 10 of the Dungeon
 11152 | D:10     | Noticed a two-headed ogre
 11168 | D:10     | Received a gift from Okawaru
 11177 | D:10     | Killed a two-headed ogre
 11178 | D:10     | Reached skill level 14 in Stealth
 11929 | D:11     | Received a gift from Okawaru
 11930 | D:11     | Reached skill level 15 in Stealth
 11968 | D:11     | Noticed a two-headed ogre
 11974 | D:11     | Killed a two-headed ogre
 12038 | D:11     | Received a gift from Okawaru
 12291 | D:11     | Reached ****** piety under Okawaru
 12589 | D:11     | Reached skill level 16 in Stealth
 12592 | D:11     | Identified a scroll of acquirement
 12593 | D:11     | Acquired the +7 quick blade of Koqiluzu {vamp, *Noise rElec
                  | Will+ Dex+7}
 12657 | D:12     | Received a gift from Okawaru
 12658 | D:12     | Reached skill level 5 in Armour
 12780 | D:12     | Received a gift from Okawaru
 12922 | D:12     | Noticed a deep elf pyromancer
 12926 | D:12     | Killed a deep elf pyromancer
 12959 | D:12     | Found a portal to a secret trove of treasure.
 13145 | D:12     | Noticed a boulder beetle
 13149 | D:12     | Killed a boulder beetle
 13150 | D:12     | Reached skill level 17 in Stealth
 13150 | D:12     | Reached XP level 12. HP: 63/63 MP: 13/13
 13153 | D:12     | Noticed a two-headed ogre
 13159 | D:12     | Killed a two-headed ogre
 13880 | D:13     | Noticed a centaur warrior
 14251 | D:12     | Killed a centaur warrior
 14278 | D:13     | Identified the +1 hat of the Vestibule of Hell {rF- Will+++
                  | Dex+5} (Okawaru gifted it to you on level 13 of the
                  | Dungeon)
 14278 | D:13     | Received a gift from Okawaru
 14289 | D:13     | Reached skill level 18 in Stealth
 14720 | Orc:1    | Entered Level 1 of the Orcish Mines
 14724 | Orc:1    | Noticed an orc high priest
 14746 | Orc:1    | Killed an orc high priest
 14805 | Orc:1    | Reached skill level 19 in Stealth
 14961 | Orc:1    | Found a runed translucent gate.
 14961 | Orc:1    | Found a runed translucent gate.
 14961 | Orc:1    | Found a runed translucent gate.
 14966 | Orc:1    | Found an opulent altar of Gozag.
 14969 | Orc:1    | Found Nebutim's Assorted Antiques.
 14969 | Orc:1    | Noticed Chaicat's ghost (journeyman MiBe)
 15024 | Orc:1    | Slain by an orc warrior

Illustrated notes

Levels and vault maps discovered:
D:1:      matt_arrival_diagonals, layout_loops_cross, minmay_misc_feat_iff
D:2:      layout_basic, basic_altar, grunt_decor_fettered,
          nicolae_figureground_pulse, uniq_terence
D:3:      layout_basic
D:4:      layout_rooms, minmay_temple_entry_proselytizer, gup_sewer_entry_glass,
          uniq_ijyb
D:5:      kennysheep_windowed_halls, layout_cave_pools,
          mainiacjoe_overflow_surrounded_room, serial_column_ruins,
          column_ruins_open_tiny, column_ruins_columns_corner,
          column_ruins_grid_1, column_ruins_columns_straight,
          column_ruins_columns_corner, column_ruins_open_large, uniq_menkaure,
          uniq_edmund
D:6:      layout_basic, serial_rivers, chequers_serial_rivers_large_a,
          chequers_serial_rivers_small_3, chequers_serial_rivers_small_b,
          chequers_serial_rivers_small_a, chequers_serial_rivers_micro_e
D:7:      layout_cave_pools, mainiacjoe_overflow_concentric_impassable,
          nrook_mini_backslash, nicolae_shop_firing_range, uniq_pikel
D:8:      layout_basic, nicolae_yredelemnul_ghost_church,
          hellmonk_lair_entry_icy
D:9:      layout_irregular_city, kennysheep_orc_monster_closet_entryway,
          hangedman_decor_opposing
D:10:     layout_cave_pools, moated_statue
D:11:     layout_roguey
D:12:     layout_stronghold, nicolae_trove_entry_crossroad,
          kennysheep_generic_room_11
D:13:     layout_irregular_city, david_vaults_4, uniq_snorg, uniq_jorgrun
Temple:   hellmonk_temple_divided_pantheon
Orc:1:    layout_caves, ebering_ghost_gozag, basic_altar, mines2_lemuel

Skill      XL: |  1  2  3  4  5  6  7  8  9 10 11 12 |
---------------+-------------------------------------+-----
Stealth        | 6 7 11 17 19 | 19.0
Short Blades   | 3 4 7 9 |  9.5
Fighting       | 2 4 5 7 |  7.0
Throwing       | 3 6 |  6.0
Dodging        | 6 10 | 10.0
Armour         | 3 4 5 7 |  7.5

Action                     |  1- 3 |  4- 6 |  7- 9 | 10-12 || total
---------------------------+-------+-------+-------+-------++-------
  Melee: Dagger            |   104 |   382 |   689 |  1411 ||  2586
         Punch             |       |     2 |    16 |    40 ||    58
         Quick blade       |       |       |       |   449 ||   449
  Throw: Dart              |     1 |       |       |     1 ||     2
         Throwing net      |       |       |       |     2 ||     2
 Invoke: Heroism           |       |       |       |     2 ||     2
         Finesse           |       |       |       |     1 ||     1
    Use: Scroll            |       |     6 |    10 |     6 ||    22
         Potion            |       |       |     5 |     2 ||     7
   Stab: Sleeping          |    10 |    15 |    17 |    33 ||    75
         Distracted        |     1 |       |     1 |     1 ||     3
         Invisible         |       |       |     5 |     1 ||     6
         Held in net/web   |       |       |       |     1 ||     1
 Armour: Robe              |    10 |    79 |    41 |       ||   130
         Ice dragon scales |       |       |    45 |   147 ||   192
         Troll leather arm |       |       |       |    83 ||    83
  Dodge: Dodged            |    65 |   411 |   468 |  1702 ||  2646

Table legend: (Time is in decaauts)
 A = Elapsed time spent in this place.
 B = Non-inter-level travel time spent in this place.
 C = Inter-level travel time spent in this place.
 D = Time resting spent in this place.
 E = Time spent auto-exploring this place.
 F = Levels seen in this place.
 G = Mean time per level.
                   A        B        C        D        E       F      G
               +--------+--------+--------+--------+--------+-----+--------+
         Total |  10925 |  10646 |    279 |   2972 |   4753 |  16 |  682.8 |
       Dungeon |  10079 |   9805 |    274 |   2972 |   4282 |  13 |  775.3 |
        Temple |     87 |     83 |      4 |      0 |     66 |   1 |   87.0 |
  Orcish Mines |    138 |    138 |      0 |      0 |     55 |   1 |  138.0 |
         Sewer |    620 |    620 |      0 |      0 |    349 |   1 |  620.0 |
               +--------+--------+--------+--------+--------+-----+--------+

Top non-repeatable levels by time:
    D:12: 1286 daAuts
     D:8: 1226 daAuts
     D:5: 1156 daAuts
     D:7: 1061 daAuts
     D:9: 902 daAuts
     D:1: 855 daAuts
     D:6: 819 daAuts
    D:10: 642 daAuts
   Sewer: 620 daAuts
     D:4: 600 daAuts
     D:2: 560 daAuts
    D:11: 495 daAuts
     D:3: 294 daAuts
    D:13: 180 daAuts
   Orc:1: 138 daAuts
